 Dungeon Crawl Stone Soup version 0.30-a0-4-ga7cffc901d (webtiles) character file.

Game seed: 12290367306591507166

88 Setbun the Sneak (level 4, -1/26 HPs)
             Began as a Kobold Enchanter on Aug 20, 2022.
             Slain by a gnoll
             ... wielding a +0 flail
              (4 damage)
             ... on level 1 of the Dungeon.
             The game lasted 00:01:58 (2700 turns).

Setbun the Sneak (Kobold Enchanter)                 Turns: 2700, Time: 00:01:59

Health: -1/26      AC:  2    Str:  5    XL:     4   Next: 81%
Magic:  1/7        EV: 15    Int: 16    God:
Gold:   108        SH:  0    Dex: 17    Spells: 7/7 levels left

rFire   . . .      SeeInvis .    a - +1 dagger
rCold   . . .      Faith    .    (no shield)
rNeg    . . .      Spirit   .    b - +0 robe
rPois   .          Reflect  .    (no helmet)
rElec   .          Harm     .    (no cloak)
rCorr   .          Rampage  .    (no gloves)
Will    .....                    (no boots)
Stlth   ++++......               (no amulet)
HPRegen 0.08/turn                (no ring)
MPRegen 0.10/turn                (no ring)

@: no status effects
A: small, no large weapons, nightstalker 3
a: no special abilities


You were on level 1 of the Dungeon.
You visited 1 branch of the dungeon, and saw 2 of its levels.

You collected 108 gold pieces.

Inventory:

Hand Weapons
 a - a +1 dagger (weapon)
Armour
 b - a +0 robe (worn)
Scrolls
 e - a scroll of silence {unknown}
 g - 3 scrolls of identify {unknown}
 h - a scroll of vulnerability {unknown}
 i - a scroll of blinking {unknown}
Potions
 c - 2 potions of invisibility
 d - 2 potions of flight {unknown}
 f - a potion of magic {unknown}


   Skills:
 + Level 1.6 Fighting
 * Level 3.6 Short Blades
 + Level 3.3 Dodging
 + Level 4.7 Stealth
 - Level 2.1 Spellcasting
 - Level 3.0 Hexes


You had 7 spell levels left.
You didn't know any spells.
Your spell library contained the following spells:

 Spells                   Type           Power      Damage    Failure   Level
 Ensorcelled Hibernation  Hex/Ice        12%        N/A       17%         2
 Confusing Touch          Hex            11%        N/A       19%         3
 Tukima's Dance           Hex            11%        N/A       19%         3
 Dazzling Flash           Conj/Hex       12%        N/A       32%         3
 Ignite Poison            Fire/Tmut/Pois 1%         N/A       52%         3
 Mephitic Cloud           Conj/Pois/Air  1%         N/A       52%         3
 Freezing Cloud           Conj/Ice/Air   0%         6-21      99%         5


Dungeon Overview and Level Annotations

Branches:
Dungeon (2/15)

Altars:
Qazlal

Shops:
D:2 (


Innate Abilities, Weirdness & Mutations

You are small and have problems with some larger weapons.
You are completely attuned to the shadows.


Message History

You hit the gnoll.
The gnoll is severely wounded.
The gnoll misses you.
You hit the gnoll but do no damage.
The gnoll is severely wounded.
You hit the gnoll.
The gnoll is severely wounded.
The gnoll misses you.
You hit the gnoll.
You kill the gnoll!
Things that are here:
a +0 flail; a gnoll corpse
There is a stone staircase leading down here.
You start resting.
HP restored.
You climb downwards.
There is a stone staircase leading up here.
There is a stone staircase leading up here.
The gnoll completely misses you. The gnoll misses you.
The gnoll barely misses you.
The gnoll hits you from afar with a +2 antimagic halberd!
Ouch! That really hurt!
You feel your power leaking away.
There is a stone staircase leading up here.
The gnoll closely misses you.
You climb upwards.
There is a stone staircase leading down here.
You climb downwards.
The gnoll hits you with a +0 flail.
There is a stone staircase leading up here.
There are monsters nearby!
The gnoll hits you from afar with a +2 antimagic halberd!
* * * LOW HITPOINT WARNING * * *
You feel your power leaking away. The gnoll closely misses you.
You climb upwards.
There is a stone staircase leading down here.
The gnoll attacks as you move away! The gnoll closely misses you.
The gnoll attacks as you move away! The gnoll hits you with a +0 flail.
You die...

...##...# #.....# #....#
##......## #####.###
####.##.# ###.....##
#...###....##.#
#####..########.#...#####.#
##.......##...### #.#
###########'##).## #.#
#...............# #.#
#............)>## #.####
#...........@g## #.....
###....########
############ #....#
####.........## #....#
###.............. #..>.##
#.......⌠...⌠.... ####..#
##...⌠.........⌠. ##.#
#........(≈...... #.#
#...⌠.....[.....⌠ #.##
#<.....≈.....≈...


You could see a gnoll.

Vanquished Creatures
  2 gnolls
  2 adders
  3 dart slugs
  5 endoplasms
  3 giant cockroaches
  5 goblins (D:1)
  7 hobgoblins
  3 kobolds
  6 ball pythons
  A bat (D:2)
  2 frilled lizards (D:2)
  3 rats
42 creatures vanquished.

Notes
Turn   | Place    | Note
-------+----------+-------------------------------------------
     0 | D:1      | Setbun the Kobold Enchanter began the quest for the Orb.
     0 | D:1      | Reached XP level 1. HP: 10/10 MP: 3/3
   143 | D:1      | Reached XP level 2. HP: 12/16 MP: 5/5
   514 | D:1      | Reached XP level 3. HP: 10/20 MP: 6/6
   534 | D:1      | Reached skill level 1 in Fighting
  1623 | D:2      | Reached XP level 4. HP: 14/25 MP: 7/7
  1967 | D:2      | Found Erphiet's Antique Weapon Shoppe.
  2039 | D:2      | Found a stormy altar of Qazlal.
  2700 | D:1      | Slain by a gnoll

Illustrated notes

Levels and vault maps discovered:
D:1:      dpeg_arrival_stone_temple_mockup, layout_basic, palyth_stone_intersect
D:2:      layout_basic, serial_glass, glass_columns_b, glass_columns_b,
          glass_columns_a, glass_columns_a, glass_columns_a, glass_columns_a,
          item_on_display_a, due_unseen_surprise, feat_on_display, serial_shops,
          shop, basic_altar, minmay_split_cup_large

Skill      XL: |  1  2  3 |
---------------+----------+-----
Short Blades   | 2 3 |  3.6
Fighting       | 1 |  1.6
Dodging        | 3 |  3.3
Stealth        | |  4.7
Spellcasting   | |  2.1
Hexes          | |  3.0

Action                   |  1- 3 |  4- 6 || total
-------------------------+-------+-------++-------
Melee: Dagger            |   114 |    60 ||   174
       Punch             |     1 |     1 ||     2
 Stab: Sleeping          |     4 |     3 ||     7
Armor: Robe              |    16 |     2 ||    18
Dodge: Dodged            |    79 |    46 ||   125

Table legend: (Time is in decaauts)
 A = Elapsed time spent in this place.
 B = Non-inter-level travel time spent in this place.
 C = Inter-level travel time spent in this place.
 D = Time resting spent in this place.
 E = Time spent auto-exploring this place.
 F = Levels seen in this place.
 G = Mean time per level.
                   A        B        C        D        E       F      G
               +--------+--------+--------+--------+--------+-----+--------+
         Total |   2679 |   2649 |     30 |    939 |   1365 |   2 | 1339.5 |
       Dungeon |   2679 |   2649 |     30 |    939 |   1365 |   2 | 1339.5 |
               +--------+--------+--------+--------+--------+-----+--------+

Top non-repeatable levels by time:
     D:1: 1472 daAuts
     D:2: 1207 daAuts
